Map: Traitor's Exile

Players

Brainiac - Winner!

  • Race: Zerg Zerg
  • Spawn Location: 5:00

PureLegacy - Winner!

  • Race: Terran Terran
  • Spawn Location: 6:00

Takeshi

  • Race: Terran Terran
  • Spawn Location: 12:00

QuodEstVitae

  • Race: Terran Terran
  • Spawn Location: 9:00

VOD

Have the link to the VOD?

Description

Time

  • Played on: Dec. 1, 2018, 7:31 p.m.
  • Length: 10:49
Show
View Real Time Build Order
Export as new Build Order

Brainiac Zerg - Winner!

Build Orders: Hatch First 

Get SALT Encoding   

  12  0:01  Drone  
  13  0:12  Overlord  
  13  0:18  Drone  
  14  0:31  Drone x2  
  14  0:35  Drone  
  17  0:54  Hatchery  
  17  0:57  Drone  
  17  0:59  Extractor  
  17  1:02  Drone  
  17  1:17  Spawning Pool  
  16  1:21  Drone  
  16  1:24  Drone  
  18  1:29  Drone  
  19  1:39  Drone  
  20  1:54  Overlord  
  20  2:05  Zergling x2  
  20  2:06  Zergling x2  
  20  2:07  Queen  
  24  2:14  Spine Crawler  
  23  2:16  Zergling x2  
  23  2:21  Queen  
  26  2:33  Zergling x4  
  26  2:36  Metabolic Boost  
  28  2:41  Drone x2  
  28  2:42  Drone  
  31  2:55  Overlord  
  31  3:17  Lair  
  31  3:21  Zergling x6  
  31  3:22  Zergling x6  
  31  3:26  Extractor  
  37  3:41  Drone x4  
  40  3:55  Drone  
  41  4:04  Drone x2, Zergling x2  
  43  4:27  Drone  
  37  4:40  Zergling x4  
  37  4:41  Zergling x2  
  37  4:42  Overlord x2  
  40  4:47  Spire  
  39  5:20  Overlord x2  
  39  5:24  Spore Crawler  
  39  5:25  Spore Crawler  
  39  5:26  Overseer  
  36  5:29  Extractor  
  36  5:32  Extractor  
  36  5:35  Spore Crawler  
  28  5:58  Mutalisk x6  
  28  6:03  Drone  
  28  6:04  Drone x2  
  42  6:21  Mutalisk  
  43  7:04  Mutalisk x2  
  35  7:19  Drone x6  
  41  7:27  Drone  
  42  7:37  Mutalisk  
  42  7:38  Mutalisk  
  46  7:56  Mutalisk  
  46  7:57  Mutalisk  
  50  8:00  Overlord  
  50  8:01  Overlord  
  50  8:08  Drone  
  50  8:09  Drone x4  
  55  8:14  Zerg Flyer Weapons Level 1  
  55  8:31  Hatchery  
  55  8:33  Extractor  
  53  8:35  Mutalisk x3  
  53  8:37  Extractor  
  53  8:38  Drone x3  
  61  8:52  Pneumatized Carapace  
  61  8:54  Drone x3  
  64  8:58  Overseer  
  64  9:19  Mutalisk x2  
  64  9:36  Mutalisk x2  
  68  10:06  Mutalisk x3  
  74  10:15  Overlord x3  
Show
View Real Time Build Order
Export as new Build Order

PureLegacy Terran - Winner!

Build Orders: Hellion Opening 

Get SALT Encoding   

  12  0:04  SCV  
  13  0:16  SCV  
  14  0:21  Supply Depot  
  14  0:28  SCV  
  15  0:31  Refinery  
  15  0:43  SCV  
  15  0:46  Barracks  
  16  0:51  Barracks  
  16  0:55  SCV  
  17  1:02  Refinery  
  17  1:07  SCV  
  18  1:19  SCV  
  19  1:39  Factory, Orbital Command  
  19  1:42  Barracks Reactor  
  19  1:52  Supply Depot  
  19  2:04  Factory  
  19  2:12  SCV  
  20  2:28  Hellion  
  20  2:29  Hellion, SCV  
  25  2:32  Barracks Tech Lab  
  25  2:43  SCV  
  25  2:50  Hellion x2  
  28  3:06  Infernal Pre-Igniter, Hellion  
  28  3:10  Supply Depot  
  28  3:12  SCV  
  31  3:32  Hellion  
  31  3:33  Hellion, Siege Tank  
  38  3:35  SCV  
  39  3:43  Supply Depot  
  39  3:48  SCV  
  39  4:05  SCV  
  39  4:06  Supply Depot  
  38  4:17  Hellion x2  
  45  4:25  SCV  
  45  4:29  Supply Depot  
  46  4:40  Hellion x2  
  50  4:48  Cyclone  
  49  4:59  SCV  
  20  5:54  SCV  
  21  6:07  SCV  
  22  6:19  SCV  
  22  6:23  Cyclone  
  23  6:45  SCV  
  24  6:57  SCV  
  28  7:11  SCV  
  29  7:21  Siege Tank  
  29  7:23  SCV  
  28  7:37  SCV  
  29  7:49  SCV  
  30  7:53  Siege Tank  
  33  8:01  SCV  
  33  8:03  Hellion x2  
  38  8:13  SCV  
  39  8:21  Supply Depot  
  39  8:25  SCV  
  39  8:37  SCV  
  40  8:50  SCV  
  40  8:53  Siege Tank  
  44  9:02  SCV  
  45  9:09  Hellion x2  
  49  9:18  SCV  
  50  9:35  Hellion x2  
  50  9:36  SCV  
  55  9:52  Hellion  
  47  10:02  SCV  
  48  10:14  Command Center  
  48  10:26  SCV  
Show
View Real Time Build Order
Export as new Build Order

Takeshi Terran 

Build Orders:  

Get SALT Encoding   

  12  0:01  SCV  
  13  0:13  SCV  
  14  0:19  Supply Depot  
  14  0:25  SCV  
  15  0:30  Refinery  
  15  0:40  SCV  
  16  0:46  Barracks  
  16  0:53  SCV  
  17  1:05  SCV  
  17  1:08  Barracks  
  18  1:17  SCV  
  19  1:26  Barracks  
  19  1:33  Reaper  
  20  1:43  Orbital Command  
  20  1:56  Reaper  
  20  1:58  Supply Depot  
  21  2:05  Refinery  
  21  2:07  Reaper  
  22  2:14  SCV  
  23  2:20  Reaper  
  24  2:26  SCV  
  25  2:31  Reaper  
  25  2:36  Supply Depot  
  26  2:39  SCV  
  26  2:40  Reaper  
  28  2:51  SCV  
  29  2:53  Reaper  
  30  3:03  SCV  
  31  3:06  Reaper  
  31  3:12  Reaper  
  33  3:17  Command Center  
  33  3:18  SCV  
  34  3:28  Supply Depot  
  34  3:31  Reaper  
  34  3:32  SCV  
  36  3:38  Reaper  
  37  3:44  Barracks  
  37  3:46  Reaper  
  38  3:55  Barracks  
  38  3:56  SCV  
  39  4:08  SCV  
  40  4:15  Reaper x2  
  36  4:20  SCV  
  36  4:22  Reaper  
  38  4:29  Command Center  
  38  4:32  SCV  
  40  4:45  SCV  
  40  4:55  Supply Depot  
  40  4:59  SCV  
  1  6:06  Orbital Command  
  1  7:57  Orbital Command  
Show
View Real Time Build Order
Export as new Build Order

QuodEstVitae Terran 

Build Orders: 1/1/1, Banshee Rush 

Get SALT Encoding   

  12  0:01  SCV  
  13  0:13  SCV  
  14  0:18  Supply Depot  
  14  0:25  SCV  
  15  0:29  Refinery  
  15  0:40  SCV  
  16  0:47  Barracks  
  16  0:52  SCV  
  16  0:56  Refinery  
  17  1:04  SCV  
  18  1:16  SCV  
  19  1:34  Orbital Command  
  19  1:36  Reaper  
  19  1:37  Factory  
  20  1:48  Supply Depot  
  20  2:00  SCV  
  21  2:08  Reaper  
  22  2:16  SCV  
  23  2:24  Hellion, Starport  
  23  2:28  SCV  
  26  2:31  Supply Depot  
  26  2:40  SCV  
  27  2:52  SCV  
  27  2:58  Factory Tech Lab  
  27  3:07  Starport Tech Lab  
  27  3:08  SCV  
  28  3:12  Supply Depot  
  28  3:14  Marine  
  28  3:19  Siege Tank  
  32  3:26  Cloaking Field, Banshee  
  35  3:31  Marine  
  36  3:36  Supply Depot  
  36  3:39  Supply Depot  
  36  3:51  Siege Tank  
  38  3:56  Marine  
  39  4:06  SCV  
  39  4:09  Viking  
  42  4:23  Siege Tank  
  45  4:25  Marine  
  45  4:31  Barracks, Supply Depot  
  46  4:32  Barracks  
  46  4:38  SCV  
  44  4:40  Banshee  
  47  5:20  Siege Tank  
  47  5:21  Barracks Tech Lab  
  50  5:22  Marine  
  50  5:23  Banshee  
  50  5:25  Supply Depot  
  54  5:31  SCV  
  56  5:49  Stimpack  
  56  5:56  Barracks Reactor  
  55  5:57  Supply Depot  
  55  6:08  Command Center  
  55  6:10  Barracks Reactor  
  55  6:27  Engineering Bay  
  55  6:28  Supply Depot, Engineering Bay  
  55  6:29  Marine  
  53  6:34  Starport Reactor, Marine x2  
  52  6:40  Barracks  
  47  6:47  Marine  
  47  6:49  Marine x2  
  47  6:52  Marine x2  
  52  6:56  Missile Turret  
  52  6:57  Terran Infantry Armor Level 1, Terran Infantry Weapons Level 1  
  52  6:58  Missile Turret  
  52  7:05  Marine  
  52  7:07  Marine x2  
  55  7:10  Marine x2  
  54  7:17  Medivac x2  
  54  7:18  Siege Tank  
  61  7:23  Marine  
  61  7:25  Marine  
  61  7:27  Marine x2  
  61  7:28  Marine  
  66  7:49  Marine x4  
  70  7:55  Combat Shield  
  70  7:56  Marine x2  
  69  8:07  Marine x2  
  71  8:14  Medivac x2  
  71  8:15  Marine x2  
  77  8:26  Marine x2  
  76  8:39  Marine x3  
  79  8:59  Marine  
  79  9:00  Marine x4  
  82  9:26  Medivac x2  
  78  9:39  Missile Turret  
  78  9:40  Orbital Command  
  78  9:41  Missile Turret  
  68  10:05  Marine  
  68  10:06  Marine x4  
  73  10:23  Marine x2  
  73  10:24  Marine x2  
  77  10:28  SCV  
  77  10:29  SCV  
Tags
 
Add a new tag
Caveats
  • Supply blocks, unpowered buildings, or Contaminate may cause inaccurate times.
  • Supply counts are checked every 10 seconds.